 Dungeon Crawl Stone Soup version 0.32-a0-42-ga30500b4d3 (webtiles) character file.

Game seed: 3462794560179877990

2359 pokeman the Thaumaturge (level 9, 0/48 HPs)
             Began as a Deep Elf Hedge Wizard on Jan 26, 2024.
             Was a Follower of Vehumet.
             Slain by an orc warrior
             ... wielding a +0 halberd
              (11 damage)
             ... on level 7 of the Dungeon.
             The game lasted 00:12:23 (6792 turns).

pokeman the Thaumaturge (Deep Elf Hedge Wizard)     Turns: 6792, Time: 00:12:23

Health: 0/48       AC:  5    Str:  7    XL:     9   Next: 20%
Magic:  6/26       EV: 13    Int: 24    God:    Vehumet [*.....]
Gold:   375        SH:  0    Dex: 14    Spells: 15/30 levels left

rFire   + . .        m - +1 mace (venom)
rCold   . . .        (no shield)
rNeg    . . .        B - +1 robe {Will+}
rPois   .            c - +0 hat
rElec   .            o - +0 cloak
rCorr   .            r - +0 pair of gloves
SInv    .            (no boots)
Will    +....        (no amulet)
Stlth   ++           u - ring of protection from fire
HPRegen 0.28/turn    (no ring)
MPRegen 0.20/turn

%: no passive effects
@: lethally poisoned (0 -> -8)
A: no striking features
a: Renounce Religion


You were on level 7 of the Dungeon.
You worshipped Vehumet.
Vehumet was aware of your devotion.
You visited 2 branches of the dungeon, and saw 8 of its levels.

You collected 375 gold pieces.

Inventory:

Hand Weapons
 a - a +3 quarterstaff of chaos
 m - a +1 mace of venom (weapon)
 x - the +3 dagger of Strategic Superiority {flame, *Noise rN+ Int+2 Dex+5}
   (You found it on level 5 of the Dungeon)

   Int+2:     It affects your intelligence (+2).
   Dex+5:     It affects your dexterity (+5).
   rN+:       It protects you from negative energy.
   *Noise:    It may make a loud noise when swung.
Missiles
 l - 2 poisoned darts
Armour
 c - a +0 hat (worn)
 n - a +2 scale mail of cold resistance
 o - a +0 cloak (worn)
 r - a +0 pair of gloves (worn)
 B - a +1 robe of willpower (worn)
Magical Staves
 A - a staff of conjuration
Jewellery
 u - a ring of protection from fire (left hand)
Wands
 t - a wand of polymorph (2)
 v - a wand of flame (19)
 w - a wand of acid (12)
Scrolls
 e - a scroll of torment {unknown}
 g - 2 scrolls of fear {unknown}
 h - 5 scrolls of identify {unknown}
 k - 3 scrolls of vulnerability {unknown}
 q - a scroll of enchant weapon {unknown}
 y - a scroll of summoning {unknown}
 z - a scroll of poison {unknown}
Potions
 b - a potion of degeneration {unknown}
 d - 2 potions of magic
 f - 3 potions of curing {unknown}
 i - a potion of experience {unknown}
 j - 2 potions of ambrosia {unknown}
 p - 4 potions of heal wounds {unknown}
 s - 2 potions of haste {unknown}
 C - a potion of mutation {unknown}


   Skills:
 - Level 2.0 Fighting
 - Level 3.0 Armour
 - Level 3.0 Dodging
 - Level 3.3 Stealth
 + Level 1.9 Shields
 * Level 11.0 Spellcasting
 + Level 5.9 Conjurations
 - Level 1.1 Summonings
 - Level 1.1 Translocations
 + Level 5.0 Fire Magic
 - Level 1.0 Air Magic
 - Level 1.0 Alchemy
 - Level 1.0 Evocations


You had 15 spell levels left.
You knew the following spells:

 Your Spells              Type           Power      Damage    Failure   Level
a - Magic Dart            Conj           100%       1d8       1%          1
b - Mephitic Cloud        Conj/Alch/Air  26%        N/A       4%          3
c - Call Imp              Summ           36%        N/A       4%          2
d - Blink                 Tloc           36%        N/A       4%          2
e - Foxfire               Conj/Fire      100%       2x1d9     1%          1
f - Starburst             Conj/Fire      19%        6d7       61%         6

Your spell library contained the following spells:

 Spells                   Type           Power      Damage    Failure   Level
 Kiss of Death            Conj/Necr      100%       2d13      1%          1
 Momentum Strike          Conj/Tloc      60%        3d9       1%          2
 Summon Small Mammal      Summ           72%        N/A       3%          1
 Slow                     Hex            52%        N/A       4%          1
 Lesser Beckoning         Tloc           36%        N/A       4%          2
 Dazzling Flash           Conj/Hex       54%        N/A       4%          3
 Volatile Blastmotes      Fire/Tloc      54%        2d14      4%          3
 Cigotuvi's Dreadful Rot  Necr/Alch/Air  32%        N/A       5%          2
 Call Canine Familiar     Summ           18%        N/A       9%          3
 Confusing Touch          Hex            13%        N/A       14%         3
 Summon Blazeheart Golem  Fire/Summ      27%        N/A       14%         4
 Dispel Undead            Necr           13%        3d9       43%         4
 Maxwell's Capacitive Co  Air            9%         ∞         100%        8


Dungeon Overview and Level Annotations

Branches:
Dungeon (7/15)             Temple (1/1) D:4

Altars:
Ashenzari
Cheibriados
Dithmenos
Elyvilon
Fedhas
Gozag
Hepliaklqana
Kikubaaqudgha
Makhleb
Nemelex Xobeh
Okawaru
Qazlal
Ru
Sif Muna
Trog
Uskayaw
Vehumet
Wu Jian
Xom
Yredelemnul
Zin
The Shining One


Message History

The orc warrior appears confused.
The orc priest is engulfed in noxious fumes.
The orc priest appears confused.
Your Spellcasting skill increases to level 11!
Your Fire Magic skill increases to level 5!
The killer bee is engulfed in noxious fumes.
The killer bee appears confused.
The killer bee is engulfed in noxious fumes.
The orc warrior is engulfed in noxious fumes.
The orc warrior appears confused.
The orc priest is engulfed in noxious fumes.
The orc priest appears confused.
The orc priest is engulfed in noxious fumes.
The orc priest appears confused.
You see here a black bear corpse.
Unknown command.
Unknown command.
The killer bee is engulfed in noxious fumes.
The killer bee appears confused.
The killer bee is engulfed in noxious fumes.
The killer bee appears confused.
Unknown command.
The killer bee is engulfed in noxious fumes.
The killer bee appears confused.
The orc warrior is engulfed in noxious fumes.
The orc warrior appears confused.
The orc priest is engulfed in noxious fumes.
The orc priest appears confused.
You see here a killer bee corpse.
You hit the orc warrior.
The orc warrior is moderately wounded.
The killer bee is engulfed in noxious fumes.
The killer bee appears confused.
The killer bee closely misses you.
The killer bee is engulfed in noxious fumes.
The killer bee appears confused.
The killer bee stings you.
* * * LOW HITPOINT WARNING * * *
You are poisoned.
The killer bee poisons you!
The orc warrior hits you with a +0 halberd!
You die...

#.......####.#......>...
#........................
#......#####........<...#
.....(..<...............#
........######..........
........######(.......##
#............#...o##°§o#
#########.)......o○°o°#####
#.......@y†.).....#
#........##########
#........# ##########


You could see an orc warrior (confused), a killer bee (confused), 2 orc priests
and an orc.

Vanquished Creatures
  Prince Ribbit (D:5)
  Sigmund (D:5)
  Eustachio (D:6)
  Menkaure (D:4)
  A water moccasin (D:6)
  Duvessa (D:5)
  A sky beast (D:5)
  A black bear (D:7)
  Blork the orc (D:5)
  A phantom (D:5)
  A scorpion (D:5)
  Dowan (D:5)
  3 killer bees (D:7)
  2 hounds
  2 jellies
  Crazy Yiuf (D:2)
  5 orc priests
  Terence (D:2)
  Jessica (D:3)
  2 iguanas
  A sleepcap (D:5)
  Natasha (thrice) (D:4)
  6 orc wizards
  10 gnolls
  4 adders
  2 white imps (D:6)
  2 ufetubi (D:6)
  4 dart slugs
  2 ribbon worms
  12 orcs
  6 endoplasms
  3 giant cockroaches
  6 goblins
  5 hobgoblins
  9 jackals
  5 ball pythons
  5 bats
  7 frilled lizards
  6 kobolds
  7 rats
134 creatures vanquished.

Vanquished Creatures (collateral kills)
  2 killer bees (D:7)
2 creatures vanquished.

Vanquished Creatures (others)
  33 foxfires
33 creatures vanquished.

Grand Total: 169 creatures vanquished

Notes
Turn   | Place    | Note
-------+----------+-------------------------------------------
     0 | D:1      | pokeman the Deep Elf Hedge Wizard began the quest for the
                  | Orb.
     0 | D:1      | Reached XP level 1. HP: 10/10 MP: 7/7
   189 | D:1      | Reached XP level 2. HP: 16/16 MP: 4/9
  1093 | D:1      | Reached skill level 5 in Spellcasting
  1175 | D:2      | Reached XP level 3. HP: 20/20 MP: 5/11
  1179 | D:2      | Learned a level 3 spell: Mephitic Cloud
  1182 | D:2      | Learned a level 2 spell: Call Imp
  1185 | D:2      | Learned a level 2 spell: Blink
  1288 | D:2      | Found a faded altar of an unknown god.
  1335 | D:2      | Reached skill level 1 in Fighting
  1550 | D:2      | Reached skill level 1 in Armour
  1552 | D:2      | Noticed Terence
  1599 | D:2      | Killed Terence
  1600 | D:2      | Reached XP level 4. HP: 25/25 MP: 3/13
  2145 | D:2      | Reached skill level 6 in Spellcasting
  2145 | D:2      | Reached XP level 5. HP: 29/29 MP: 8/15
  2370 | D:2      | Found a bloodstained altar of Trog.
  2553 | D:2      | Found a runed translucent door.
  2554 | D:2      | Noticed Crazy Yiuf
  2566 | D:2      | Killed Crazy Yiuf
  2567 | D:2      | Reached skill level 1 in Shields
  2951 | D:3      | Found a shimmering altar of Xom.
  3001 | D:3      | Noticed Jessica
  3010 | D:3      | Killed Jessica
  3017 | D:3      | Reached XP level 6. HP: 24/34 MP: 3/17
  3028 | D:3      | Learned a level 6 spell: Starburst
  3574 | D:4      | Reached skill level 7 in Spellcasting
  3738 | D:4      | Reached skill level 1 in Fire Magic
  3738 | D:4      | Reached skill level 1 in Air Magic
  3738 | D:4      | Reached skill level 1 in Alchemy
  3782 | D:4      | Found a staircase to the Ecumenical Temple.
  3808 | Temple   | Entered the Ecumenical Temple
  3816 | Temple   | Became a worshipper of Vehumet
  4014 | D:4      | Reached XP level 7. HP: 38/38 MP: 15/19
  4082 | D:4      | Noticed Natasha
  4092 | D:4      | Killed Natasha
  4196 | D:4      | Noticed Menkaure
  4206 | D:4      | Killed Menkaure
  4549 | D:4      | Noticed Natasha
  4561 | D:4      | Killed Natasha
  4562 | D:4      | Reached skill level 8 in Spellcasting
  4670 | D:4      | Noticed Natasha
  4674 | D:4      | Killed Natasha
  4702 | D:5      | Entered Level 5 of the Dungeon
  5026 | D:5      | Identified the +3 dagger of Strategic Superiority {flame,
                  | *Noise rN+ Int+2 Dex+5}
  5074 | D:5      | Reached XP level 8. HP: 40/44 MP: 11/22
  5363 | D:5      | Noticed Blork the orc
  5365 | D:5      | Noticed Sigmund
  5377 | D:5      | Killed Blork the orc
  5378 | D:5      | Reached skill level 9 in Spellcasting
  5378 | D:5      | Reached skill level 1 in Evocations
  5383 | D:5      | Killed Sigmund
  5490 | D:5      | Noticed Duvessa
  5493 | D:5      | Noticed Dowan
  5505 | D:5      | Killed Duvessa
  5506 | D:5      | Reached skill level 5 in Conjurations
  5506 | D:5      | Killed Dowan
  5555 | D:5      | Noticed Prince Ribbit
  5570 | D:5      | Killed Prince Ribbit
  5571 | D:5      | Reached skill level 10 in Spellcasting
  6207 | D:6      | Reached * piety under Vehumet
  6207 | D:6      | Offered knowledge of Foxfire by Vehumet.
  6213 | D:6      | Learned a level 1 spell: Foxfire
  6264 | D:6      | Noticed Eustachio
  6281 | D:6      | Killed Eustachio
  6282 | D:6      | Reached XP level 9. HP: 48/48 MP: 25/25
  6416 | D:6      | Found a blossoming altar of Fedhas.
  6789 | D:7      | Reached skill level 11 in Spellcasting
  6789 | D:7      | Reached skill level 5 in Fire Magic
  6792 | D:7      | Slain by an orc warrior

Illustrated notes

Levels and vault maps discovered:
D:1:      scummos_arrival_forest, layout_basic
D:2:      layout_loops_ring, basic_altar, nicolae_ecumenical_pavilion,
          uniq_crazy_yiuf_cottage, uniq_terence
D:3:      layout_rooms, xom_teletrap_fun, hangedman_feature_mirror,
          kennysheep_donut, wad_floor_pattern_2, uniq_jessica
D:4:      layout_basic, minmay_temple_entry_glass, uniq_natasha, uniq_menkaure
D:5:      layout_rooms, kennysheep_generic_room_13, uniq_blork_the_orc,
          uniq_sigmund, uniq_duvessa, uniq_prince_ribbit1
D:6:      layout_basic, fedhas_altar_3, corexii_corridor_pit, uniq_eustachio
D:7:      layout_rooms, gammafunk_ghost_necromancy, nrook_campfire
Temple:   nicolae_temple_bog_church

Skill      XL: |  1  2  3  4  5  6  7  8  9 |
---------------+----------------------------+-----
Spellcasting   | 5 6 7 8 10 11 | 11.0
Fighting       | 1 2 |  2.0
Armour         | 1 2 3 |  3.0
Conjurations   | 2 3 4 5 |  5.9
Dodging        | 3 |  3.0
Shields        | 1 |  1.9
Stealth        | 3 |  3.3
Fire Magic     | 1 3 4 5 |  5.0
Air Magic      | 1 |  1.0
Alchemy        | 1 |  1.0
Evocations     | 1 |  1.0
Summonings     | |  1.1
Translocations | |  1.1

Action                     |  1- 3 |  4- 6 |  7- 9 || total
---------------------------+-------+-------+-------++-------
  Melee: Dagger            |    13 |       |       ||    13
         Mace              |       |    56 |    71 ||   127
         Punch             |       |     2 |       ||     2
   Cast: Magic Dart        |    99 |    93 |   143 ||   335
         Mephitic Cloud    |     2 |    11 |    15 ||    28
         Blink             |     1 |       |     1 ||     2
         Call Imp          |       |     1 |       ||     1
         Foxfire           |       |       |    20 ||    20
   Stab: Confused          |       |    11 |     4 ||    15
 Armour: Robe              |    14 |    21 |    85 ||   120
  Dodge: Dodged            |    31 |    34 |    76 ||   141

Table legend: (Time is in decaauts)
 A = Elapsed time spent in this place.
 B = Non-inter-level travel time spent in this place.
 C = Inter-level travel time spent in this place.
 D = Time resting spent in this place.
 E = Time spent auto-exploring this place.
 F = Levels seen in this place.
 G = Mean time per level.
                   A        B        C        D        E       F      G
               +--------+--------+--------+--------+--------+-----+--------+
         Total |   6845 |   6558 |    287 |    255 |   5215 |   8 |  855.6 |
       Dungeon |   6830 |   6549 |    281 |    255 |   5215 |   7 |  975.7 |
        Temple |     15 |      9 |      6 |      0 |      0 |   1 |   15.0 |
               +--------+--------+--------+--------+--------+-----+--------+

Top non-repeatable levels by time:
     D:2: 1344 daAuts
     D:1: 1329 daAuts
     D:5: 1189 daAuts
     D:4: 1163 daAuts
     D:3: 880 daAuts
     D:6: 873 daAuts
     D:7: 48 daAuts
  Temple: 15 daAuts
